 Dungeon Crawl Stone Soup version 0.20.1-1-g8b1a95d (webtiles) character file.

276 vineage the Slasher (level 6, -3/48 HPs)
             Began as a Demonspawn Berserker on Aug 27, 2017.
             Was a Believer of Trog.
             Killed by divine providence
             ... invoked by an orc priest
              (12 damage)
             ... on level 4 of the Dungeon.
             The game lasted 00:04:47 (2603 turns).

vineage the Slasher (Demonspawn Berserker)          Turns: 2603, Time: 00:04:48

Health: -3/48      AC: 11    Str: 22    XL:     6   Next: 4%
Magic:  6/6        EV:  9    Int:  8    God:    Trog [**....]
Gold:   120        SH:  0    Dex: 12    Spells: 5/5 levels left

rFire    . . .     SeeInvis .   a - +0 falchion
rCold    . . .     Gourm    .   (no shield)
rNeg     . . .     Faith    .   m - +0 chain mail
rPois    .         Spirit   .   (no helmet)
rElec    .         Reflect  .   (no cloak)
rCorr    .         Harm     .   (no gloves)
MR       .....                  (no boots)
Stlth    ..........             q - amulet of rage
Regen    0.2/turn               h - +2 ring of strength
MPRegen  0.1/turn               (no ring)

@: no status effects
A: icy blue scales 2, powered by pain 1
a: Berserk, Trog's Hand, Burn Spellbooks, Renounce Religion, Evoke Berserk Rage


You were on level 4 of the Dungeon.
You worshipped Trog.
Trog was pleased with you.
You were hungry.

You visited 1 branch of the dungeon, and saw 4 of its levels.

You collected 120 gold pieces.

Inventory:

Hand Weapons
 a - a +0 falchion (weapon)
 r - a -3 whip
Armour
 b - a +0 animal skin
 m - a +0 chain mail (worn)
Jewellery
 h - a +2 ring of strength (left hand)
 q - an amulet of rage (around neck)
Wands
 v - a wand of lightning (9/15)
Scrolls
 d - 4 scrolls of remove curse
 f - a scroll of amnesia {unknown}
 g - a scroll of identify
 j - a scroll of blinking {unknown}
 l - 2 scrolls of teleportation {unknown}
 o - 2 scrolls of immolation {unknown}
 p - a scroll of random uselessness {unknown}
 t - a scroll of enchant armour {unknown}
 u - a scroll of magic mapping {unknown}
Potions
 e - a potion of magic
 k - a potion of curing
 n - 4 potions of agility {unknown}
 w - a potion of haste {unknown}
Comestibles
 c - 2 bread rations
 i - 2 royal jellies
 s - a meat ration


   Skills:
 + Level 4.1 Fighting
 + Level 4.8 Long Blades
 + Level 2.6 Armour
 + Level 2.5 Dodging
 + Level 0.2 Stealth


You had 5 spell levels left.
You didn't know any spells.

Dungeon Overview and Level Annotations

Branches:
Dungeon (4/15)
 Temple: D:4-7

Altars:


Innate Abilities, Weirdness & Mutations

You are mostly covered in icy blue scales. (AC +3)
You sometimes gain a little power by taking damage.


Message History

The orc priest is heavily wounded.
The orc priest hits you but does no damage.
The orc hits you with a hand axe.
The orc priest calls upon Beogh to heal the orc priest.
The orc priest is healed somewhat.
The orc priest mumbles some strange prayers to Beogh against you.
You barely resist. You hit the orc priest.
The orc priest is moderately wounded.
The orc hits you but does no damage. The orc priest hits you with a whip.
The orc priest hits you with a dagger.
Your chain mail prevents you from hitting the orc priest.
The orc priest is moderately wounded.
The orc hits you but does no damage.
The orc priest invokes the aid of Beogh against you.
Beogh smites you!
* * * LOW HITPOINT WARNING * * *
The orc priest mumbles some strange prayers to Beogh against you.
Beogh smites you!
You die...

#.....(...
.#################...####
.........................
.........................
.####...#############...#
#...# #...# #...# #...#
#...######## #####
#..[@o..%... #...oo......
######## #....!......
#....... ###.........
#....... #.........
#....... ..........
#....... .........(
#....... ...########
#....... #.......


You could see 2 orc priests and an orc.

Vanquished Creatures
  A phantom (D:4)
  Jessica (D:3)
  2 worker ants (D:4)
  4 adders
  An ooze (D:1)
  2 worms
  A dart slug (D:1)
  3 leopard geckos
  5 orcs
  3 giant cockroaches
  5 goblins
  12 hobgoblins
  3 kobolds
  A quokka (D:3)
  2 ball pythons
  10 bats
  2 frilled lizards
  8 rats
66 creatures vanquished.

Notes
Turn   | Place    | Note
-------+----------+-------------------------------------------
     0 | D:1      | vineage the Demonspawn Berserker began the quest for the Orb.
     0 | D:1      | Reached XP level 1. HP: 18/18 MP: 1/1
   147 | D:1      | Gained mutation: You are partially covered in icy blue scales. (AC +2) [demonic ancestry]
   147 | D:1      | Reached XP level 2. HP: 24/24 MP: 2/2
   666 | D:2      | Reached XP level 3. HP: 15/29 MP: 3/3
  1189 | D:2      | Reached ** piety under Trog
  1477 | D:2      | Gained mutation: You are mostly covered in icy blue scales. (AC +3) [demonic ancestry]
  1477 | D:2      | Reached XP level 4. HP: 22/37 MP: 4/4
  1841 | D:3      | Noticed Jessica
  1847 | D:3      | Killed Jessica
  2219 | D:4      | Gained mutation: You sometimes gain a little power by taking damage. [demonic ancestry]
  2219 | D:4      | Reached XP level 5. HP: 40/42 MP: 5/5
  2446 | D:4      | Noticed a phantom
  2461 | D:4      | Killed a phantom
  2461 | D:4      | Reached XP level 6. HP: 48/48 MP: 6/6
  2603 | D:4      | Killed from afar by an orc priest

Skill      XL: |  1  2  3  4 |
---------------+-------------+-----
Dodging        | 2 |  2.5
Long Blades    | 3 4 |  4.8
Armour         | 2 |  2.6
Fighting       | 4 |  4.1
Stealth        | |  0.2

Action                   |  1- 3 |  4- 6 || total
-------------------------+-------+-------++-------
Melee: Falchion          |   130 |   103 ||   233
Invok: Berserk           |       |     1 ||     1
       Trog's Hand       |       |     1 ||     1
  Use: Scroll            |     3 |     2 ||     5
  Eat: Chunk             |     1 |       ||     1
       Meat ration       |       |     1 ||     1
Armor: Animal skin       |    25 |       ||    25
       Chain mail        |    26 |    76 ||   102
Dodge: Dodged            |   104 |    59 ||   163
       Rpst.: Falchion   |    31 |    18 ||    49
